 Dungeon Crawl Stone Soup version 0.27-a0-861-g9529aa9bf3 (webtiles) character file.

Game seed: 6328730680201531668

67 DarkShadow the Skirmisher (level 4, 0/49 HPs)
             Began as an Ogre Berserker on Apr 2, 2021.
             Was a Believer of Trog.
             Killed by divine providence
             ... invoked by an orc priest
              (15 damage)
             ... on level 3 of the Dungeon.
             The game lasted 00:03:08 (2641 turns).

DarkShadow the Skirmisher (Ogre Berserker)          Turns: 2641, Time: 00:03:09

Health: 0/49       AC:  3    Str: 22    XL:     4   Next: 18%
Magic:  4/4        EV: 10    Int:  8    God:    Trog [**....]
Gold:   91         SH:  0    Dex:  8    Spells: 3/3 levels left

rFire    . . .     SeeInvis .   a - +0 spear
rCold    . . .     Faith    .   (no shield)
rNeg     . . .     Spirit   .   b - +0 animal skin
rPois    .         Reflect  .   (helmet restricted)
rElec    .         Harm     .   (no cloak)
rCorr    .         Rampage  .   (gloves unavailable)
Will     .....                  (boots unavailable)
Stlth    +.........             (no amulet)
HPRegen  0.16/turn              (no ring)
MPRegen  0.09/turn              (no ring)

@: no status effects
A: large, unfitting armour, tough skin 1
a: Renounce Religion, Berserk, Trog's Hand


You were on level 3 of the Dungeon.
You worshipped Trog.
Trog was pleased with you.
You visited 1 branch of the dungeon, and saw 3 of its levels.

You collected 91 gold pieces.

Inventory:

Hand Weapons
 a - a +0 spear (weapon)
Armour
 b - a +0 animal skin (worn)
Scrolls
 c - 2 scrolls of identify {unknown}
 d - a scroll of enchant armour {unknown}
 i - a scroll of noise {unknown}
Potions
 e - 2 potions of curing {unknown}
 f - a potion of attraction {unknown}
 g - 2 potions of lignification {unknown}
 h - a potion of might {unknown}


   Skills:
 + Level 4.8 Fighting
 + Level 3.9 Polearms
 + Level 3.2 Dodging
 + Level 0.1 Stealth


You had 3 spell levels left.
You didn't know any spells.
Your spell library was empty.

Dungeon Overview and Level Annotations

Branches:
Dungeon (3/15)

Altars:


Innate Abilities, Weirdness & Mutations

You are too large for most types of armour.
You have tough skin. (AC +1)


Message History

You see here 21 stones.
Things that are here:
a +0 mace; a +0 leather armour
Things that are here:
a +0 short sword; 3 stones
Found a club.
Found an escape hatch in the floor.
There is an escape hatch in the floor here.
An orc and an orc priest come into view.
There are monsters nearby!
An orc warrior comes into view. It is wielding a +0 war axe.
The orc warrior shouts!
The orc priest barely misses you.
You closely miss the orc priest. You closely miss the orc priest.
The orc priest hits you with a +0 hand axe.
You closely miss the orc priest. The orc priest closely misses you.
You hit the orc priest.
The orc priest is heavily wounded.
The orc priest hits you with a +0 hand axe.
You closely miss the orc priest.
The orc priest is heavily wounded.
The orc priest mumbles some strange prayers to Beogh against you.
Pain shoots through your body!
You hit the orc priest.
The orc priest is severely wounded.
The orc priest calls down the wrath of Beogh upon you.
Pain shoots through your body!
You closely miss the orc priest.
The orc priest is severely wounded.
You hit the orc warrior.
The orc warrior is lightly wounded.
The orc warrior hits you with a +0 war axe!
The orc priest looks braver for a moment.
You hit the orc warrior.
The orc warrior is lightly wounded.
You hit the orc priest.
The orc priest is severely wounded.
The orc priest mumbles some strange prayers to Beogh against you.
Beogh smites you!
You die...

#########
........##
#######..## #
##..#### ####.#
##....###...
####..##.#
#####
#....o##....^.
#
#..##.@oo......
.
#.######.......
.. ... .......
.. .### .......
# # #...... ##
...... .####
...... ....#
...... .....


You could see an orc warrior, an orc priest and an orc.

Vanquished Creatures
  An adder (D:2)
  A dart slug (D:1)
  An orc (D:3)
  6 ball pythons
  2 bats (D:2)
  5 endoplasms
  3 giant cockroaches
  4 goblins (D:2)
  7 hobgoblins
  5 quokkas
  A frilled lizard (D:1)
  A kobold (D:3)
  14 rats
51 creatures vanquished.

Notes
Turn   | Place    | Note
-------+----------+-------------------------------------------
     0 | D:1      | DarkShadow the Ogre Berserker began the quest for the Orb.
     0 | D:1      | Reached XP level 1. HP: 24/24 MP: 1/1
     1 | D:1      | Noticed a vine stalker
     1 | D:1      | Noticed a ghoul
     3 | D:1      | Noticed a minotaur
     3 | D:1      | Noticed a draconian
     5 | D:1      | Noticed a troll
     6 | D:1      | Noticed an octopode
     7 | D:1      | Noticed a felid
     8 | D:1      | Noticed a vampire
    10 | D:1      | Noticed a centaur
    12 | D:1      | Noticed a troll
    12 | D:1      | Noticed an elf
    14 | D:1      | Noticed a gargoyle
    14 | D:1      | Noticed a troll
    16 | D:1      | Noticed a formicid
    16 | D:1      | Noticed a naga
    18 | D:1      | Noticed a gargoyle
    18 | D:1      | Noticed an ogre
   197 | D:1      | Reached XP level 2. HP: 32/32 MP: 2/2
   354 | D:1      | Found a faded altar of an unknown god.
   615 | D:1      | Reached XP level 3. HP: 33/40 MP: 3/3
  1040 | D:2      | Reached ** piety under Trog
  1956 | D:3      | Reached XP level 4. HP: 19/49 MP: 4/4
  2628 | D:3      | Noticed an orc warrior
  2641 | D:3      | Killed from afar by an orc priest

Illustrated notes

Levels and vault maps discovered:
D:1:      shiori_arrival_whats_in_store_for_you, layout_rooms,
          basic_ecumenical_altar, nrook_uturn, minmay_tromino_i2
D:2:      layout_loops_ring, chequers_arboretum, chequers_garden
D:3:      layout_rooms, corexii_corridor_pit, uniq_terence

Skill      XL: |  1  2 |
---------------+-------+-----
Dodging        | 3 |  3.2
Fighting       | |  4.8
Polearms       | |  3.9
Stealth        | |  0.1

Action                   |  1- 3 |  4- 6 || total
-------------------------+-------+-------++-------
Melee: Spear             |   141 |    38 ||   179
Armor: Animal skin       |    58 |     6 ||    64
Dodge: Dodged            |    81 |    21 ||   102

Table legend: (Time is in decaauts)
 A = Elapsed time spent in this place.
 B = Non-inter-level travel time spent in this place.
 C = Inter-level travel time spent in this place.
 D = Time resting spent in this place.
 E = Time spent auto-exploring this place.
 F = Levels seen in this place.
 G = Mean time per level.
                   A        B        C        D        E       F      G
               +--------+--------+--------+--------+--------+-----+--------+
         Total |   2628 |   2628 |      0 |    796 |   1310 |   3 |  876.0 |
       Dungeon |   2628 |   2628 |      0 |    796 |   1310 |   3 |  876.0 |
               +--------+--------+--------+--------+--------+-----+--------+

Top non-repeatable levels by time:
     D:2: 1156 daAuts
     D:3: 744 daAuts
     D:1: 727 daAuts
